 Dungeon Crawl Stone Soup version 0.20-a0-1024-ge4c44be (webtiles) character file.

46 HankScorpio the Cudgeler (level 3, -2/21 HPs)
             Began as a Gargoyle Gladiator on Apr 19, 2017.
             Slain by Natasha (3 damage)
             ... on level 2 of the Dungeon.
             The game lasted 00:01:46 (922 turns).

HankScorpio the Cudgeler (Gargoyle Gladiator)        Turns: 922, Time: 00:01:46

Health: -2/21      AC:  7    Str: 18    XL:     3   Next: 68%
Magic:  3/3        EV: 12    Int:  8    God:
Gold:   72         SH:  0    Dex: 11    Spells: 2/2 levels left

rFire    . . .     SeeInvis .   a - +0 flail
rCold    . . .     Gourm    .   (no shield)
rNeg     + . .     Faith    .   b - +0 leather armour
rPois    ∞         Spirit   .   c - +0 helmet
rElec    +         Reflect  .   (no cloak)
rCorr    .         Harm     .   (no gloves)
MR       .....                  (no boots)
Stlth    +.........             (no amulet)
Regen    0.1/turn               (no ring)
MPRegen  0.1/turn               (no ring)

@: about to teleport
A: negative energy resistance 1, electricity resistance, unbreathing,
petrification resistance, rot immunity, AC +3
a: no special abilities


You were on level 2 of the Dungeon.
You were not hungry.

You visited 1 branch of the dungeon, and saw 2 of its levels.

You collected 72 gold pieces.

Inventory:

Hand Weapons
 a - a +0 flail (weapon)
Missiles
 d - 3 throwing nets (quivered)
Armour
 b - a +0 leather armour (worn)
 c - a +0 helmet (worn)
Scrolls
 e - 2 scrolls of magic mapping {unknown}
 j - 2 scrolls of fog {unknown}
Comestibles
 f - 3 bread rations
 g - a meat ration


   Skills:
 - Level 2.1 Fighting
 + Level 4.5 Maces & Flails
 - Level 1.7 Throwing
 - Level 2.4 Dodging


You had 2 spell levels left.
You didn't know any spells.

Dungeon Overview and Level Annotations

Branches:
Dungeon (2/15)

Altars:

Annotations:
D:2 Natasha


Innate Abilities, Weirdness & Mutations

You are resistant to torment.
Your stone body is resilient. (AC +3)
You are immune to poison.
You resist negative energy. (rN+)
You are resistant to electric shocks. (rElec)
You can survive without breathing.
You are immune to petrification.
You are immune to rotting.


Message History

You closely miss Natasha.
Natasha is heavily wounded.
The bat misses you. The bat closely misses you.
The frilled lizard barely misses you. The hobgoblin barely misses you.
The white imp hits you but does no damage.
Natasha mewls in sadness.
Natasha claws you.
* * * LOW HITPOINT WARNING * * *
The frilled lizard closely misses you.
As you read the scroll labeled GUMECI TIGIFF, it crumbles to dust.
You feel strangely unstable.
It was a scroll of teleportation.
The bat hits you but does no damage.
The white imp hits you but does no damage.
The hobgoblin closely misses you. Natasha barely misses you.
The frilled lizard bites you but does no damage.
As you read the scroll labeled FUAZXA ESER, it crumbles to dust.
You feel blessed for a moment.
It was a scroll of remove curse.
The bat closely misses you. The white imp closely misses you.
The hobgoblin barely misses you. Natasha claws you.
You die...

#..##.###. ##.........
#.......... #..........
#.......... #.
#.......... ≈≈≈ #..
##b.gl...... #≈≈≈# ≈..
###..?@h......
≈≈≈≈≈##.###....5........
≈≈#≈≈#..##..##..........
#≈≈##≈..#..#########..##
##≈≈.............# .#
.......).........# #
......#........<.#
#......###........
.....#.......#.##.


You could see Natasha, a white imp, a hobgoblin, a bat and a frilled lizard.

Vanquished Creatures
  Natasha (D:2)
  A leopard gecko (D:1)
  2 hobgoblins (D:1)
  3 jackals (D:1)
  6 bats
  5 frilled lizards
  2 kobolds
  6 rats
26 creatures vanquished.

Notes
Turn   | Place    | Note
-------+----------+-------------------------------------------
     0 | D:1      | HankScorpio the Gargoyle Gladiator began the quest for the Orb.
     0 | D:1      | Reached XP level 1. HP: 12/12 MP: 1/1
   134 | D:1      | Reached XP level 2. HP: 15/17 MP: 2/2
   538 | D:2      | Noticed Natasha
   548 | D:2      | Noticed a crimson imp
   869 | D:2      | Killed Natasha
   869 | D:2      | Reached skill level 4 in Maces & Flails
   869 | D:2      | Reached XP level 3. HP: 17/21 MP: 3/3
   909 | D:2      | Noticed Natasha
   920 | D:2      | HP: 1/21 [Natasha (4)]
   922 | D:2      | Slain by Natasha

Vault maps used:
D:1:      lemuel_arrival_rhombus
D:2:      overflow_temple_1_default, marbit_many_paths, kennysheep_nub,
          minmay_misc_feat_square, minivault_24, minivault_4,
          minmay_gold_behind_fungi, minmay_pentomino_p4, uniq_natasha

Skill      XL: |  1  2 |
---------------+-------+-----
Maces & Flails | 4 |  4.5
Fighting       | |  2.1
Throwing       | |  1.7
Dodging        | |  2.4

Action                   || total
-------------------------++-------
Melee: Flail             ||    86
  Use: Scroll            ||     3
       Potion            ||     1
Armor: Leather armour    ||    46
Dodge: Dodged            ||    83
